 Dungeon Crawl Stone Soup version 0.25.0-9-g26727b657a (webtiles) character file.

Game seed: 7771032499820743972

346 HoaS the Twirler (level 6, -1/39 HPs)
             Began as a Gargoyle Gladiator on June 19, 2020.
             Killed from afar by an orc wizard (3 damage)
             ... with a magic dart
             ... on level 3 of the Dungeon.
             The game lasted 00:07:17 (3002 turns).

HoaS the Twirler (Gargoyle Gladiator)               Turns: 3002, Time: 00:07:17

Health: -1/39      AC:  9    Str: 19    XL:     6   Next: 59%
Magic:  6/6        EV: 12    Int:  9    God:
Gold:   143        SH:  0    Dex: 11    Spells: 5/5 levels left

rFire    . . .     SeeInvis .   a - +0 quarterstaff
rCold    . . .     Gourm    .   (shield currently unavailable)
rNeg     + . .     Faith    .   b - +0 leather armour
rPois    ∞         Spirit   .   q - -1 helmet (curse)
rElec    +         Reflect  .   l - +1 cloak
rCorr    .         Harm     .   (no gloves)
MR       .....                  (no boots)
Stlth    +.........             (no amulet)
HPRegen  0.13/turn              (no ring)
MPRegen  0.10/turn              (no ring)

@: no status effects
A: negative energy resistance 1, electricity resistance, unbreathing,
petrification resistance, rot immunity, AC +4
a: no special abilities


You were on level 3 of the Dungeon.
You were not hungry.

You visited 1 branch of the dungeon, and saw 3 of its levels.
You also visited: Sewer.

You collected 143 gold pieces.

Inventory:

Hand Weapons
 a - a +0 quarterstaff (weapon)
Missiles
 d - 2 throwing nets (quivered)
 h - 5 boomerangs
 k - 34 poisoned darts
 s - a boomerang of dispersal
Armour
 b - a +0 leather armour (worn)
 c - a +0 helmet
 l - a +1 cloak (worn)
 q - a cursed -1 helmet (worn)
Scrolls
 m - 3 scrolls of teleportation
 t - a scroll of magic mapping
Potions
 e - 4 potions of curing {unknown}
 g - 2 potions of heal wounds {unknown}
 i - 3 potions of degeneration {unknown}
 j - a potion of ambrosia {unknown}
 n - a potion of invisibility {unknown}
 o - 2 potions of flight {unknown}
 r - a potion of stabbing {unknown}
 u - a potion of brilliance {unknown}
Comestibles
 f - 4 rations
 p - 5 chunks of flesh


   Skills:
 + Level 4.5 Fighting
 * Level 6.1 Staves
 - Level 1.7 Throwing
 - Level 2.4 Dodging


You had 5 spell levels left.
You didn't know any spells.
Your spell library was empty.

Dungeon Overview and Level Annotations

Branches:
Dungeon (3/15)              Sewer (visited)

Altars:
Qazlal


Innate Abilities, Weirdness & Mutations

You are resistant to torment.
Your stone body is resilient. (AC +4)
You are immune to poison.
You resist negative energy. (rN+)
You are resistant to electric shocks. (rElec)
You can survive without breathing.
You are immune to petrification.
You are immune to rotting.


Message History

The orc priest is moderately wounded.
The orc priest casts a cantrip, but nothing happens.
The orc wizard barely misses you.
You hit the orc priest.
The orc priest is severely wounded.
The orc wizard hits you but does no damage.
The orc priest hits you with a +0 flail.
* * * LOW HITPOINT WARNING * * *
The orc wizard hits you but does no damage.
You hit the orc priest.
The orc priest is almost dead.
The orc wizard hits you but does no damage.
The orc priest hits you with a +0 flail.
* * * LOW HITPOINT WARNING * * *
You sock the orc priest!
You kill the orc priest!
The orc wizard completely misses you. x2
The orc wizard gestures at you while chanting.
The magic dart hits you.
You die...

...................##.#
#^.......
#####...............#.#
#.##.#...
#.............#
#.###.##.#...
#.)..)........#
#........##.#
#.............#
.............
#.............#
.#########÷#
#.............#
.........
#...........o.#
.....<#.#
#...........@.#
.######.#
#............)# #.#
#............$....o..
..#
##############.......
..# ...>... ..##
#####.. .. # # # #. #
#.# #


You could see an orc wizard (fast).

Vanquished Creatures
  Purgy (Sewer)
  A jelly (D:3)
  2 orc priests
  An orc wizard (D:2)
  2 adders
  A worm (D:2)
  7 leopard geckos
  10 orcs
  17 giant cockroaches
  6 goblins
  3 hobgoblins
  3 jackals (D:2)
  3 quokkas (D:3)
  3 ball pythons (D:3)
  5 bats
  6 frilled lizards
  12 kobolds
  8 rats
91 creatures vanquished.

Notes
Turn   | Place    | Note
-------+----------+-------------------------------------------
     0 | D:1      | HoaS the Gargoyle Gladiator began the quest for the Orb.
     0 | D:1      | Reached XP level 1. HP: 12/12 MP: 1/1
   368 | D:1      | Reached XP level 2. HP: 16/18 MP: 2/2
  1265 | D:2      | Reached XP level 3. HP: 20/22 MP: 3/3
  1291 | D:2      | Reached skill level 4 in Staves
  1639 | D:2      | Reached XP level 4. HP: 28/28 MP: 4/4
  2195 | D:2      | Reached XP level 5. HP: 14/32 MP: 5/5
  2353 | D:3      | Reached skill level 5 in Staves
  2379 | D:3      | Found a glowing drain.
  2434 | Sewer    | Entered a sewer
  2510 | Sewer    | Noticed Purgy
  2528 | Sewer    | Killed Purgy
  2528 | Sewer    | Reached XP level 6. HP: 28/38 MP: 6/6
  2773 | D:3      | Reached skill level 6 in Staves
  2936 | D:3      | Found a stormy altar of Qazlal.
  3002 | D:3      | Killed from afar by an orc wizard

Illustrated notes

Levels and vault maps discovered:
D:1:      scummos_arrival_simple_crosswalls, layout_basic, minmay_bisected
D:2:      minmay_roachtagon, layout_basic, minmay_misc_feat_chi,
          minmay_goblin_kobold_house
D:3:      layout_basic, gup_sewer_entry_pipe, ebering_dispersal_statue_hall,
          nicolae_qazlal_general_emergency

Skill      XL: |  1  2  3  4  5  6 |
---------------+-------------------+-----
Staves         | 4 5 6 |  6.1
Fighting       | 3 4 |  4.5
Throwing       | |  1.7
Dodging        | |  2.4

Action                   |  1- 3 |  4- 6 || total
-------------------------+-------+-------++-------
Melee: Quarterstaff      |   105 |   199 ||   304
Throw: Throwing net      |     1 |     1 ||     2
  Use: Scroll            |     8 |     1 ||     9
 Stab: Sleeping          |     1 |     1 ||     2
       Held in net/web   |     1 |       ||     1
  Eat: Chunk             |     2 |     5 ||     7
Armor: Leather armour    |    39 |   100 ||   139
Dodge: Dodged            |    73 |   156 ||   229
